Kradschützen Motorcycle Team
Selects Italian Combined Arms Battlegroup
Selects Bersaglieri Squad
Construct Light Support Kompanie
le.IG 18 Support Gun Team
Construct Panzerarmee Kommand
Selects Bersaglieri Bolster
Selects Breda Model 30 Light Machine Guns
Selects Semovente da 75/18 Assault Gun
Walking Stuka Rocket Launcher